 Dungeon Crawl Stone Soup version 0.30-a0-964-gd452b5e7fa (webtiles) character file.

Game seed: 1549064987922409302

171168 zurenarrh the Wrestler (level 17, -9/160 (166) HPs)
             Began as a Troll Berserker on Mar 30, 2023.
             Was the Champion of Trog.
             Mangled by a +6 scimitar of draining (32 damage)
             ... on level 2 of the Orcish Mines.
             The game lasted 01:11:16 (24888 turns).

zurenarrh the Wrestler (Troll Berserker)           Turns: 24888, Time: 01:11:17

HP:   -9/160 (166)  AC: 11    Str: 34    XL:     17   Next: 38%
MP:   25/25         EV: 14    Int: 10    God:    Trog [******]
Gold: 667           SH: 20    Dex: 11    Spells: 16/16 levels left

rFire   + . .      SeeInvis +      - Unarmed
rCold   + + +      Faith    .    I - +0 kite shield of Hopscotch {Int+3}
rNeg    + + .      Spirit   .    J - +4 skin of Zhor {*Englaciate rC+++ SInv}
rPois   +          Reflect  +    o - +0 mask of the Dragon {Will+ Slay+3 SInv}
rElec   +          Rampage  .    b - +2 cloak {rPois}
rCorr   .                        (gloves unavailable)
Will    ++...                    (boots unavailable)
Stlth   +                        h - amulet "Noraw" {Reflect rN++ Dex+3 SH+5}
HPRegen 1.26/turn                c - +5 ring of evasion
MPRegen 0.19/turn                V - ring "Fedenio" {rF+ rC+ MP+9}

@: lightly drained
A: large, unfitting armour, claws 3, regeneration 1, shaggy fur 1, tough skin 1,
large bone plates 1, clever 1, electricity resistance
a: Renounce Religion, Berserk, Trog's Hand, Brothers in Arms


You were on level 2 of the Orcish Mines.
You worshipped Trog.
Trog was exalted by your worship.
You visited 6 branches of the dungeon, and saw 27 of its levels.
You visited 1 bazaar.
You also visited: Gauntlet and Ice Cave.

You collected 2406 gold pieces.
You spent 1739 gold pieces at shops.

Inventory:

Hand Weapons
 E - the +10 flail "Gacatoir" {flame, rC- Will+ Dex+4}
   (Trog gifted it to you on level 14 of the Dungeon)

   Dex:       It affects your dexterity (+4).
   rC:        It makes you vulnerable to cold.
   Will:      It increases your willpower.
 Q - a +7 antimagic giant spiked club
 X - the +7 giant spiked club "Nuemex" {flame, rF+ Will+}
   (Trog gifted it to you on level 4 of the Lair of Beasts)

   rF:        It protects you from fire.
   Will:      It increases your willpower.
Armour
 b - a +2 cloak of poison resistance (worn)
 o - the +0 mask of the Dragon (worn) {Will+ Slay+3 SInv}
   (You bought it in a shop on level 12 of the Dungeon)

   Slay:      It affects your accuracy & damage with ranged weapons and melee
   (+3).
   SInv:      It lets you see invisible.
   Will:      It increases your willpower.
 F - a +0 tower shield of protection
 I - the +0 kite shield of Hopscotch (worn) {Int+3}
   (You took it off a minotaur in a Gauntlet)

   Int:       It affects your intelligence (+3).
 J - the +4 skin of Zhor (worn) {*Englaciate rC+++ SInv}
   (You found it in an ice cave)

   *Englaciate: It radiates cold, occasionally slowing all nearby creatures who
   are not resistant to cold.
   rC:        It renders you almost immune to cold.
   SInv:      It lets you see invisible.
 M - a +0 troll leather armour
 O - +2 ice dragon scales
 Z - a +2 hat of willpower
Jewellery
 c - a +5 ring of evasion (left claw)
 e - a +5 ring of evasion
 h - the amulet "Noraw" (around neck) {Reflect rN++ Dex+3 SH+5}
   (You found it in a Gauntlet)

   [amulet of reflection]

   It reflects blocked missile attacks.
   Dex:       It affects your dexterity (+3).
   rN:        It greatly protects you from negative energy.
   SH:        It affects your SH (+5).
 j - a +6 ring of strength
 C - a ring of magical power
 D - a ring of see invisible
 K - a +6 ring of intelligence
 P - a ring of see invisible
 V - the ring "Fedenio" (right claw) {rF+ rC+ MP+9}
   (You found it on level 12 of the Dungeon)

   [ring of magical power]

   rF:        It protects you from fire.
   rC:        It protects you from cold.
   MP:        It affects your magic capacity (+9).
Wands
 l - a wand of flame (37)
 m - a wand of roots (29)
 u - a wand of quicksilver (5)
 v - a wand of paralysis (42)
 y - a wand of polymorph (25)
 A - a wand of mindburst (6)
Scrolls
 a - 2 scrolls of blinking
 i - 2 scrolls of summoning
 r - 4 scrolls of identify
 s - 2 scrolls of fear
 x - 17 scrolls of teleportation
 B - 6 scrolls of poison
 L - 4 scrolls of fog
 N - a scroll of enchant weapon
 S - 2 scrolls of magic mapping
Potions
 d - 12 potions of curing
 f - 4 potions of flight
 g - 6 potions of heal wounds
 k - a potion of berserk rage
 n - 7 potions of cancellation
 p - 3 potions of ambrosia
 q - 3 potions of invisibility
 t - 5 potions of lignification
 z - a potion of magic
 G - 2 potions of resistance
 H - 3 potions of haste
 R - 4 potions of attraction
 Y - 6 potions of might
Miscellaneous
 T - a phantom mirror
 U - a box of beasts
 W - a phial of floods


   Skills:
 - Level 10.0 Fighting
 - Level 8.0 Maces & Flails
 - Level 8.0 Throwing
 - Level 5.0 Armour
 * Level 3.8 Dodging
 - Level 10.0 Shields
 - Level 24.0 Unarmed Combat


You had 16 spell levels left.
You didn't know any spells.
Your spell library was empty.

Dungeon Overview and Level Annotations

Branches:
Dungeon (15/15)            Temple (1/1) D:6            Lair (5/5) D:9
 Shoals (0/4) Lair:2        Snake (3/4) Lair:2        Slime (0/5) Lair:5
    Orc (2/2) D:9             Elf (1/3) Orc:2        Vaults (0/5) D:14
 Depths (0/4) D:15          IceCv (visited)         Gauntlet (visited)

Altars:
Ashenzari
Cheibriados
Dithmenos
Elyvilon
Fedhas
Gozag
Hepliaklqana
Kikubaaqudgha
Makhleb
Nemelex Xobeh
Okawaru
Qazlal
Ru
Sif Muna
Trog
Uskayaw
Vehumet
Wu Jian
Xom
Yredelemnul
Zin
The Shining One
Jiyva

Shops:
D:4 *   D:7 (   D:12 ([((   Orc:1 [*:[   Orc:2 !?(=   Snake:3 :

Portals:
Pandemonium: Orc:2

Annotations:
Snake:3 Mara, Vashnia


Innate Abilities, Weirdness & Mutations

You are too large for most types of armour.
You have claws for hands.
Your natural rate of healing is unusually fast.
You are covered in fur. (AC +1)
You have tough skin. (AC +1)
You are partially covered in large bone plates. (SH +4)
Your mind is acute. (Int +4, Str/Dex -1)
You are resistant to electric shocks. (rElec)


Message History

The +3 hand axe of freezing hits you!
A deep elf zephyrmancer comes into view.
It is wielding a +0 rapier.
The deep elf sorcerer howls an incantation.
You feel troubled.
You block the +6 flail of draining's attack.
The +6 scimitar of draining hits you! You partially resist.
You feel drained. The +3 hand axe of freezing misses you.
The deep elf zephyrmancer gestures wildly while chanting.
The deep elf zephyrmancer blinks!
The deep elf zephyrmancer is engulfed in blazing flames.
The +6 flail of draining hits you! You partially resist.
You feel drained.
You block the +3 hand axe of freezing's attack.
The +6 scimitar of draining misses you.
You climb upwards.
Welcome back to the Orcish Mines!
You radiate an aura of cold.
The +6 flail of draining is unaffected.
The +3 hand axe of freezing is unaffected.
The +6 scimitar of draining is unaffected.
There is a staircase to the Elven Halls here.
You barely miss the +6 flail of draining.
The +6 scimitar of draining hits you! You partially resist.
You feel drained.
You block the +6 flail of draining's attack.
The +3 hand axe of freezing hits you!
You eviscerate the +6 flail of draining!!!
The +6 flail of draining falls from the air.
Trog accepts your kill. The +6 scimitar of draining hits you!!
* * * LOW HITPOINT WARNING * * *
You partially resist.
You feel drained.
The +3 hand axe of freezing closely misses you.
You block the +6 scimitar of draining's attack.
You see here a +6 flail of draining.
You closely miss the +3 hand axe of freezing.
You block the +6 scimitar of draining's attack.
The +3 hand axe of freezing hits you!
* * * LOW HITPOINT WARNING * * *
You eviscerate the +3 hand axe of freezing!!!
The +3 hand axe of freezing falls from the air.
Trog accepts your kill. The +6 scimitar of draining hits you!!
You die...

.#..##.).###..##))#.....#
...##...###....#[####..##
#.##...###.#.....[# ####
###...###..##.....###
.#)..###....#.......##
#)#.###......#.......#
.).###............#.##
#.###...........(....##
####...........>@.....##
###....................#
)#........))).........##
.)........<.[..........##
..).....................#
....................#..##
..."...................#
#............#......#.##
..................#####


You could see a +6 scimitar of draining.

Vanquished Creatures
  A shard shrike (IceCv)
  Gastronok (D:12)
  The ghost of UltrafastDeath the Warrior, an adept GrBe of Trog (Snake:1)
  3 nagarajas (Snake:2)
  The ghost of nago the Thaumaturge, a journeyman BaAE of Gozag (D:12)
  A broodmother (shapeshifter) (Gauntlet)
  Aizul (Snake:2)
  A reaper (Gauntlet)
  Nessos (Lair:3)
  A white draconian (IceCv)
  Azrael (Snake:2)
  A minotaur (Gauntlet)
  Snorg (D:9)
  An ettin (D:15)
  A fire dragon (Lair:5)
  The ghost of mopl the Tainter, a journeyman FoVM of Cheibriados (D:12)
  Josephine (D:12)
  A salamander tyrant (Snake:2)
  An entropy weaver (shapeshifter) (Gauntlet)
  The ghost of gengaozo the Alchemist, a journeyman FeVM of Sif Muna (Snake:1)
  An ogre mage (D:15)
  Harold (Lair:2)
  A demonspawn (Orc:2)
  6 hydras
  7 centaur warriors
  Erica (Lair:1)
  Erolcha (Orc:2)
  5 ironbound frosthearts (IceCv)
  5 anacondas
  5 catoblepae
  6 death yaks (Lair:5)
  11 naga warriors
  A boulder beetle (D:14)
  3 dancing weapons
  Urug (Lair:3)
  4 tengu warriors
  4 two-headed ogres
  4 orc high priests (Orc:2)
  2 shock serpents (Snake:2)
  Sonja (D:10)
  4 naga sharpshooters
  A deep elf knight (Elf:1)
  8 skeletal warriors
  A skyshark (Lair:4)
  Amaemon (Lair:3)
  2 salamander mystics (Snake:2)
  A deep troll (D:14)
  2 lindwurms
  A wizard (D:15)
  3 naga ritualists
  The ghost of snipermoke the Poker, a novice DsBe of Trog (D:8)
  4 deep elf pyromancers
  11 mana vipers
  18 ugly things
  2 wolf spiders (Lair:2)
  6 orc knights
  12 salamanders
  3 oklob plants (Lair:5)
  5 cyclopes
  10 orc sorcerers
  3 manticores
  3 guardian serpents (Snake:2)
  A merfolk siren (Lair:2)
  5 elephants (Lair:4)
  8 naga magi
  A rust devil (Orc:2)
  An orange demon (Lair:3)
  An apocalypse crab (Gauntlet)
  29 black mambas
  5 cane toads
  A smoke demon (Orc:2)
  2 molten gargoyles (Lair:5)
  2 gargoyles
  Psyche (D:12)
  30 rime drakes
  A yaktaur (D:9)
  10 komodo dragons
  An unseen horror (D:11)
  3 tengu conjurers
  An efreet (D:9)
  4 trolls
  A hellwing (Orc:2)
  16 polar bears
  A hornet (D:9)
  4 dream sheep (Lair:3)
  11 blink frogs
  A snapping turtle (shapeshifter) (D:9)
  A jumping spider (shapeshifter) (D:14)
  4 slime creatures
  4 shadows
  2 ynoxinuls (Orc:2)
  12 wyverns
  A centaur simulacrum (D:14)
  7 wraiths
  A yak (shapeshifter) (D:15)
  49 yaks
  7 basilisks
  A fire bat (shapeshifter) (D:12)
  3 fire elementals (Snake:2)
  2 steam dragons
  A redback (shapeshifter) (Gauntlet)
  A warg (Orc:1)
  9 vampire mosquitoes
  26 nagas
  10 water moccasins
  3 acid dragons
  9 hell hounds
  39 orc warriors
  A black bear (D:4)
  6 wolves (Lair:2)
  8 ogres
  4 centaurs
  A kobold brigand (D:11)
  8 bullfrogs
  A scorpion (D:7)
  6 gnoll sergeants
  9 killer bees
  2 howler monkeys
  5 lava snakes (Lair:5)
  8 jellies
  2 hounds
  29 orc priests
  3 iguanas
  2 gnoll boudas (D:7)
  Natasha (thrice) (D:4)
  12 orc wizards
  5 hell rats (D:15)
  32 gnolls
  3 adders
  4 shadow imps
  A white imp (D:7)
  2 ufetubi
  2 worms (D:2)
  5 dart slugs
  86 orcs
  4 bats
  17 endoplasms
  5 giant cockroaches
  7 goblins
  10 hobgoblins
  3 jackals (D:1)
  11 kobolds
  4 quokkas
  11 ball pythons
  4 frilled lizards
  4 rats
857 creatures vanquished.

Vanquished Creatures (collateral kills)
  A sphinx (D:12)
  A centaur warrior (D:12)
  An anaconda (Snake:2)
  A boulder beetle (D:12)
  A cyclops (D:12)
  A salamander (Snake:2)
  A molten gargoyle (Lair:5)
  A culicivora (shapeshifter) (D:12)
8 creatures vanquished.

Vanquished Creatures (others)
  A deep elf pyromancer (D:14)
  A golden eye (shapeshifter) (D:9)
  An orc priest (Orc:2)
  A gnoll (Orc:1)
  14 fungi
  20 plants
38 creatures vanquished.

Grand Total: 903 creatures vanquished

Notes
Turn   | Place    | Note
-------+----------+-------------------------------------------
     0 | D:1      | zurenarrh the Troll Berserker began the quest for the Orb.
     0 | D:1      | Reached XP level 1. HP: 22/22 MP: 0/0
   135 | D:1      | Reached XP level 2. HP: 29/29 MP: 1/1
   161 | D:1      | Found a faded altar of an unknown god.
   523 | D:1      | Reached XP level 3. HP: 36/36 MP: 2/2
   645 | D:1      | Reached ** piety under Trog
   960 | D:2      | Reached skill level 4 in Unarmed Combat
  1121 | D:2      | Reached XP level 4. HP: 44/44 MP: 3/3
  1644 | D:3      | Reached XP level 5. HP: 52/53 MP: 4/4
  1872 | D:3      | Reached skill level 5 in Unarmed Combat
  1894 | D:3      | Reached *** piety under Trog
  2192 | D:4      | Noticed a black bear
  2202 | D:4      | Killed a black bear
  2203 | D:4      | Reached XP level 6. HP: 61/61 MP: 5/5
  2367 | D:4      | Noticed Natasha
  2374 | D:4      | Killed Natasha
  2412 | D:4      | Found Usaih's Assorted Antiques.
  2417 | D:4      | Bought a scroll labelled PUCZOR EQYOD for 20 gold pieces
  2417 | D:4      | Bought 2 bubbling black potions for 36 gold pieces
  2417 | D:4      | Bought a fizzy black potion for 18 gold pieces
  2418 | D:4      | Noticed Natasha
  2423 | D:4      | Killed Natasha
  2442 | D:4      | Noticed Natasha
  2450 | D:4      | Killed Natasha
  2451 | D:4      | Reached skill level 6 in Unarmed Combat
  2606 | D:4      | Reached **** piety under Trog
  2985 | D:5      | Entered Level 5 of the Dungeon
  2992 | D:5      | Reached XP level 7. HP: 69/70 MP: 6/6
  3043 | D:5      | Reached skill level 7 in Unarmed Combat
  3440 | D:6      | Gained mutation: You are resistant to electric shocks.
                  | (rElec) [potion of mutation]
  3440 | D:6      | Gained mutation: You are partially covered in large bone
                  | plates. (SH +4) [potion of mutation]
  3440 | D:6      | Gained mutation: Your mind is acute. (Int +4, Str/Dex -1)
                  | [potion of mutation]
  3567 | D:6      | Noticed a steam dragon
  3579 | D:6      | Killed a steam dragon
  3754 | D:6      | Found a staircase to the Ecumenical Temple.
  4193 | D:6      | Reached skill level 8 in Unarmed Combat
  4193 | D:6      | Reached XP level 8. HP: 79/79 MP: 7/7
  4486 | Temple   | Entered the Ecumenical Temple
  4646 | D:6      | Reached skill level 5 in Fighting
  4667 | D:7      | Found a burning altar of Makhleb.
  4861 | D:7      | Reached skill level 9 in Unarmed Combat
  4873 | D:7      | Found Qesis's Antique Weapon Shop.
  5120 | D:8      | Identified the +8 spear of Due Proportion {venom, rF- rN+
                  | SInv}
  5296 | D:8      | Found a runed translucent gate.
  5296 | D:8      | Found a runed translucent gate.
  5296 | D:8      | Found a runed translucent gate.
  5296 | D:8      | Noticed snipermoke's ghost (novice DsBe)
  5308 | D:8      | Killed snipermoke's ghost
  5309 | D:8      | Reached skill level 10 in Unarmed Combat
  5309 | D:8      | Reached XP level 9. HP: 91/91 MP: 8/8
  5367 | D:8      | Found an ancient bone altar of Kikubaaqudgha.
  5367 | D:8      | Found an ornate altar of the Wu Jian Council.
  5367 | D:8      | Found an iron altar of Okawaru.
  5369 | D:8      | Found a radiant altar of Vehumet.
  5369 | D:8      | Found a hide-covered altar of Uskayaw.
  5372 | D:8      | Found a blossoming altar of Fedhas.
  5372 | D:8      | Found a glowing golden altar of the Shining One.
  5465 | D:7      | Reached skill level 11 in Unarmed Combat
  5968 | D:9      | Noticed a centaur warrior
  5968 | D:9      | Noticed an efreet
  5970 | D:9      | Noticed a yaktaur
  5973 | D:9      | Found a transporter.
  5973 | D:9      | Noticed a cyclops
  5984 | D:9      | a hog changed into a meliai
  5984 | D:9      | Noticed a meliai (shapeshifter)
  5987 | D:9      | a blink frog changed into a rime drake
  5987 | D:9      | Noticed a rime drake (shapeshifter)
  5989 | D:9      | a meliai changed into a cane toad
  5989 | D:9      | Noticed a cane toad (shapeshifter)
  5994 | D:9      | a rime drake changed into a cane toad
  5994 | D:9      | Noticed a cane toad (shapeshifter)
  6077 | D:8      | Reached ***** piety under Trog
  6087 | D:9      | Reached skill level 12 in Unarmed Combat
  6090 | D:9      | Reached XP level 10. HP: 79/102 MP: 9/9
  6177 | D:9      | Found a staircase to the Orcish Mines.
  6222 | D:9      | Found a broken altar of Ashenzari.
  6238 | D:9      | Noticed a two-headed ogre
  6249 | D:9      | Killed a two-headed ogre
  6331 | D:9      | Found a staircase to the Lair.
  6442 | D:9      | Found a transporter.
  6470 | D:9      | Noticed a guardian serpent
  6514 | D:9      | Reached skill level 13 in Unarmed Combat
  6596 | D:9      | a troll changed into a cane toad
  6596 | D:9      | Noticed a cane toad (shapeshifter)
  6619 | D:10     | Entered Level 10 of the Dungeon
  6641 | D:10     | Noticed a deep elf pyromancer
  6659 | D:10     | Killed a deep elf pyromancer
  6719 | D:10     | Received a gift from Trog
  7031 | D:10     | Found a snail-covered altar of Cheibriados.
  7174 | D:10     | Reached skill level 14 in Unarmed Combat
  7174 | D:10     | Reached XP level 11. HP: 113/113 MP: 10/10
  7232 | D:10     | Noticed Sonja
  7237 | D:10     | Killed Sonja
  7954 | D:11     | Reached skill level 15 in Unarmed Combat
  8212 | D:12     | Noticed a centaur warrior
  8213 | D:12     | Noticed a centaur warrior
  8213 | D:12     | Noticed a sphinx
  8214 | D:12     | Noticed a centaur warrior
  8214 | D:12     | Noticed a boulder beetle
  8216 | D:12     | Found a runed translucent door.
  8219 | D:12     | Noticed a cyan ugly thing
  8242 | D:12     | Killed a boulder beetle
  8245 | D:12     | Killed a centaur warrior
  8254 | D:12     | Killed a sphinx
  8264 | D:12     | Killed a cyan ugly thing
  8268 | D:12     | Killed a centaur warrior
  8269 | D:12     | Reached skill level 16 in Unarmed Combat
  8269 | D:12     | Reached XP level 12. HP: 115/126 MP: 11/11
  8275 | D:12     | Killed a centaur warrior
  8276 | D:12     | Reached skill level 10 in Fighting
  8287 | D:12     | Identified the ring "Fedenio" {rF+ rC+ MP+9}
  8307 | D:12     | Found Giolid's Antique Weapon Shop.
  8386 | D:12     | Found Weucvoeg's Antique Weapon Shop.
  8456 | D:12     | Received a gift from Trog
  8575 | D:12     | Noticed Josephine
  8585 | D:12     | Killed Josephine
  8589 | D:12     | Reached skill level 17 in Unarmed Combat
  8597 | D:12     | Found a runed translucent gate.
  8597 | D:12     | Found a runed translucent gate.
  8597 | D:12     | Found a runed translucent gate.
  8597 | D:12     | Noticed nago's ghost (journeyman BaAE)
  8600 | D:12     | Reached skill level 1 in Shields
  8602 | D:12     | Noticed mopl's ghost (journeyman FoVM)
  8674 | D:12     | Killed nago's ghost
  8683 | D:12     | Killed mopl's ghost
  8782 | D:12     | Noticed Psyche
  8791 | D:12     | Killed Psyche
  8792 | D:12     | Noticed a two-headed ogre
  8804 | D:12     | Killed a two-headed ogre
  8906 | D:12     | Found Wasunov's Weapon Shop.
  8983 | D:12     | Reached skill level 5 in Shields
  9189 | D:12     | Found Niaxowol's Antique Armour Shoppe.
  9275 | D:12     | Noticed Gastronok
  9292 | D:12     | Killed Gastronok
  9678 | D:13     | Noticed a tengu warrior
  9689 | D:13     | Killed a tengu warrior
  9998 | D:13     | You fall into a shaft and drop 2 floors!
  9998 | D:15     | Entered Level 15 of the Dungeon
  9999 | D:15     | Noticed a catoblepas
  9999 | D:15     | Noticed a centaur warrior
 10012 | D:15     | Killed a catoblepas
 10027 | D:15     | Killed a centaur warrior
 10028 | D:15     | Reached XP level 13. HP: 65/133 MP: 12/12
 10059 | D:15     | Paralysed by something for 4 turns
 10242 | D:13     | Found a flickering gateway to a bazaar.
 10251 | Bazaar   | Entered a bazaar
 10258 | Bazaar   | Found Sots's Book Shop.
 10298 | Bazaar   | Found Hetzaurr's General Store.
 10312 | Bazaar   | Found Rimigyaq's Armour Shop.
 10326 | Bazaar   | Found Koganas's Weapon Boutique.
 10340 | Bazaar   | Found Xaof's Antique Weapon Shop.
 10410 | Bazaar   | Bought the +3 giant club "Skullcrusher" {speed, Str+7} for
                  | 627 gold pieces
 10410 | Bazaar   | Found the +3 giant club "Skullcrusher" {speed, Str+7}
 11008 | D:14     | Reached skill level 10 in Shields
 11020 | D:14     | Reached skill level 1 in Maces & Flails
 11020 | D:14     | Reached skill level 1 in Throwing
 11113 | D:14     | Identified the +6 hand axe of Zeluag {heavy, rC++ Int-2
                  | Stlth+}
 11210 | D:14     | Identified the +10 flail "Gacatoir" {flame, rC- Will+
                  | Dex+4} (Trog gifted it to you on level 14 of the Dungeon)
 11210 | D:14     | Received a gift from Trog
 11276 | D:14     | Found a bloodstained altar of Trog.
 11547 | D:14     | Found a gate to the Vaults.
 11933 | D:15     | Reached skill level 5 in Maces & Flails
 11933 | D:15     | Reached skill level 5 in Throwing
 12108 | D:14     | Reached XP level 14. HP: 143/143 MP: 13/13
 12233 | D:15     | Found a staircase to the Depths.
 12560 | Lair:1   | Entered Level 1 of the Lair of Beasts
 12869 | Lair:1   | Noticed Erica
 12888 | Lair:1   | Killed Erica
 13437 | Lair:2   | Noticed Harold
 13456 | Lair:2   | Killed Harold
 13519 | Lair:2   | Found a staircase to the Snake Pit.
 13991 | Lair:2   | Found a staircase to the Shoals.
 14372 | Lair:3   | Noticed Amaemon
 14395 | Lair:3   | Killed Amaemon
 14978 | Lair:3   | Noticed Nessos
 14983 | Lair:3   | Killed Nessos
 15121 | Lair:3   | Noticed Urug
 15124 | Lair:3   | Killed Urug
 15403 | Lair:4   | Found a gate leading to a gauntlet.
 15408 | Gauntlet | Entered a Gauntlet
 15408 | Gauntlet | Found a transporter.
 15408 | Gauntlet | Found a transporter.
 15409 | Gauntlet | Found a transporter.
 15409 | Gauntlet | Found a transporter.
 15412 | Gauntlet | Found a transporter.
 15412 | Gauntlet | Found a transporter.
 15416 | Gauntlet | Noticed a reaper
 15424 | Gauntlet | Found a transporter.
 15426 | Gauntlet | Found a transporter.
 15438 | Gauntlet | Found a transporter.
 15439 | Gauntlet | Found a transporter.
 15443 | Gauntlet | Found a transporter.
 15469 | Gauntlet | Found a transporter.
 15629 | Gauntlet | Noticed a broodmother
 15652 | Gauntlet | Killed a broodmother
 15712 | Gauntlet | Killed a reaper
 15802 | Gauntlet | Identified the amulet "Noraw" {Reflect rN++ Dex+3 SH+5}
 15844 | Gauntlet | Identified the +0 kite shield of Hopscotch {Int+3}
 15859 | Gauntlet | Reached skill level 18 in Unarmed Combat
 15906 | Gauntlet | Identified the +0 ring mail of Unambiguity {Contam Str+2
                  | Dex+2}
 15912 | Gauntlet | Identified the +0 ring mail "Diphawn" {rN+ Regen+ Str+3}
 16314 | Lair:4   | Reached XP level 15. HP: 149/149 MP: 14/14
 16419 | Lair:4   | Identified the +7 giant spiked club "Nuemex" {flame, rF+
                  | Will+} (Trog gifted it to you on level 4 of the Lair of
                  | Beasts)
 16419 | Lair:4   | Received a gift from Trog
 16760 | Lair:5   | Entered Level 5 of the Lair of Beasts
 17004 | Lair:5   | Found a viscous altar of Jiyva.
 17298 | Lair:5   | Reached skill level 19 in Unarmed Combat
 17511 | Lair:5   | Found a large runed translucent door.
 17614 | Lair:5   | Found a large runed translucent door.
 17970 | Lair:5   | Found a staircase to the Slime Pits.
 18105 | Orc:1    | Entered Level 1 of the Orcish Mines
 18105 | Orc:1    | Noticed Snorg
 18105 | Orc:1    | Found Qydooschi's Armour Emporium.
 18122 | D:9      | Reached skill level 20 in Unarmed Combat
 18130 | D:9      | Received a gift from Trog
 18135 | D:9      | Killed Snorg
 18205 | Orc:1    | Paralysed by an orc sorcerer for 2 turns
 18265 | Orc:1    | Found Ugi Nah Bes's Book Boutique.
 18290 | Orc:1    | Found Ytokhuk's Assorted Antiques.
 18543 | Orc:1    | Found Vota's Armour Boutique.
 18726 | Orc:2    | Entered Level 2 of the Orcish Mines
 18741 | Orc:2    | Found a staircase to the Elven Halls.
 18803 | Orc:2    | Noticed Erolcha
 18817 | Orc:2    | Killed Erolcha
 18950 | Orc:2    | Found Weot's Magic Scroll Shoppe.
 18952 | Orc:2    | Found Yzenliy's Distillery.
 18965 | Orc:2    | Received a gift from Trog
 19072 | Orc:2    | Found a bloodstained altar of Trog.
 19211 | Orc:2    | Bought a potion of heal wounds for 70 gold pieces
 19756 | Orc:2    | Reached skill level 21 in Unarmed Combat
 19807 | Orc:2    | Found Alamiug's Jewellery Boutique.
 19807 | Orc:2    | Found Wuplus Nopo's Antique Weapon Shop.
 19808 | Orc:2    | Found a one-way gate leading to the halls of Pandemonium.
 20018 | D:12     | Bought the +0 mask of the Dragon {Will+ Slay+3 SInv} for
                  | 968 gold pieces
 20018 | D:12     | Found the +0 mask of the Dragon {Will+ Slay+3 SInv}
 20300 | Snake:1  | Entered Level 1 of the Snake Pit
 20343 | Snake:1  | Received a gift from Trog
 20409 | Snake:1  | Reached XP level 16. HP: 158/158 MP: 15/15
 20474 | Snake:1  | Found a frozen archway.
 20537 | IceCv    | Entered an ice cave
 20684 | IceCv    | Reached ****** piety under Trog
 20713 | IceCv    | Found the +4 skin of Zhor {*Englaciate rC+++ SInv}
 20740 | IceCv    | Reached skill level 22 in Unarmed Combat
 21304 | IceCv    | Noticed a shard shrike
 21332 | IceCv    | Killed a shard shrike
 21455 | IceCv    | Received a gift from Trog
 21807 | Snake:1  | Found a runed translucent gate.
 21807 | Snake:1  | Found a runed translucent gate.
 21807 | Snake:1  | Found a runed translucent gate.
 21807 | Snake:1  | Noticed gengaozo's ghost (journeyman FeVM)
 21809 | Snake:1  | Noticed UltrafastDeath's ghost (adept GrBe)
 21819 | Snake:1  | Killed UltrafastDeath's ghost
 21824 | Snake:1  | Killed gengaozo's ghost
 22181 | Snake:2  | Reached skill level 23 in Unarmed Combat
 22804 | Snake:2  | Noticed Aizul
 22815 | Snake:2  | Killed Aizul
 23344 | Snake:2  | Reached XP level 17. HP: 166/166 MP: 16/16
 23369 | Snake:2  | Found a stormy altar of Qazlal.
 23572 | Snake:2  | Noticed Azrael
 23598 | Snake:2  | Reached skill level 24 in Unarmed Combat
 23601 | Snake:2  | Killed Azrael
 23761 | Snake:2  | Received a gift from Trog
 23922 | Snake:3  | Reached skill level 1 in Armour
 24526 | Snake:2  | Reached skill level 5 in Armour
 24568 | Snake:3  | Found Latirphi's Book Shop.
 24582 | Snake:3  | Noticed Vashnia
 24633 | Snake:3  | Noticed Mara
 24853 | Elf:1    | Entered Level 1 of the Elven Halls
 24888 | Orc:2    | Mangled by a +6 scimitar of draining

Illustrated notes

Levels and vault maps discovered:
D:1:      tarquinn_simple_flora_water_a, layout_basic,
          shapermc_ecumenical_altar_totnotflames
D:2:      layout_basic
D:3:      layout_loops_ring
D:4:      layout_gridville, serial_shops, nicolae_shop_hallway_plus,
          uniq_natasha
D:5:      layout_cave_pools
D:6:      layout_basic, minmay_temple_entry_arrows
D:7:      layout_rooms, amcnicky_altar_gilded, serial_shops,
          kennysheep_mini_moat
D:8:      layout_gridville, grunt_temple_overflow_open,
          ebering_ghost_rock_garden, nicolae_grassy_gnolls
D:9:      gammafunk_sealed_arena, layout_cave_pools, ashenzari_altar_1,
          lair_entry_dummy, david_orc_5, abandoned_shop
D:10:     layout_irregular_city, old_standard_altar, uniq_sonja
D:11:     lemuel_slime, layout_irregular_city
D:12:     layout_loops_ring, serial_shops, shop, nicolae_inconvenience_store,
          kennysheep_little_box, nicolae_lakefront_shop, special_room
          [special_room_orc], gammafunk_ghost_cemetery, minmay_st_funbox,
          uniq_psyche, uniq_josephine, uniq_gastronok
D:13:     layout_grid_maze, serial_shops, bzr_entry_dummy
D:14:     layout_roguey, david_vaults_4, trog_three_pillars_becter
D:15:     hangedman_depths_entry_civil_slaughter, layout_loops_cross,
          special_room [special_room_mythical_zoo], hangedman_decor_opposing
Temple:   hc_temple_tempest_star
Lair:1:   layout_gridlike, grunt_forest_small_clearings, uniq_erica
Lair:2:   layout_gridlike, minmay_shoals_entry_lonely_mermaid,
          dummy_snake_entry, nicolae_lair_run_with_the_wolves,
          infiniplex_staircase_pool, serial_bayou_shore_b, uniq_harold
Lair:3:   layout_cave_pods, uniq_nessos, uniq_amaemon, uniq_urug
Lair:4:   layout_loops_ring, gauntlet_entry_generic
Lair:5:   cheibrodos_lair_end_hotspot, layout_regular_city,
          minmay_slime_entry_oklob_enclosed
Snake:1:  layout_misc_corridors, portal_ice_cave_entry_ugly_swarm,
          gammafunk_ghost_cemetery, drop_trap, grunt_ministairs_4
Snake:2:  layout_cave_town, basic_altar, lemuel_fruit_tree, grunt_megastairs_4,
          uniq_aizul, uniq_azrael
Snake:3:  layout_onion, gammafunk_ghost_berserking_beasts, minmay_shop_star,
          uniq_vashnia, uniq_mara
Orc:1:    layout_caves, basic_altar, serial_shops, shop, shop,
          nicolae_shop_waterfront, shop, uniq_snorg
Orc:2:    pf_orc_diabolical, layout_caves, basic_altar, nicolae_orc_lost_temple,
          uniq_erolcha
Elf:1:    kennysheep_six_static_rooms, layout_gridlike, minivault_28,
          uniq_louise

Skill      XL: |  1  2  3  4  5  6  7  8  9 10 11 12 13 14 15 16 17 |
---------------+----------------------------------------------------+-----
Unarmed Combat | 4 5 6 8 10 12 14 16 17 18 21 23 24 | 24.0
Fighting       | 3 4 6 7 8 9 10 | 10.0
Dodging        | 3 |  3.8
Shields        | 7 10 | 10.0
Maces & Flails | 5 8 |  8.0
Throwing       | 5 8 |  8.0
Armour         | 5 |  5.0

Action                     |  1- 3 |  4- 6 |  7- 9 | 10-12 | 13-15 | 16-18 || total
---------------------------+-------+-------+-------+-------+-------+-------++-------
  Melee: Unarmed           |    88 |   142 |   229 |   469 |  1190 |   640 ||  2758
         Punch             |       |     4 |    14 |    14 |       |       ||    32
         Flail             |       |       |       |       |    41 |       ||    41
  Throw: Boomerang         |       |       |     1 |       |       |       ||     1
         Large rock        |       |       |       |       |    38 |     4 ||    42
         Throwing net      |       |       |       |       |     1 |       ||     1
 Invoke: Berserk           |       |     1 |     1 |     4 |     6 |     1 ||    13
         Trog's Hand       |       |       |       |     5 |     5 |     2 ||    12
         Brothers in Arms  |       |       |       |     1 |     1 |     1 ||     3
  Evoke: Wand              |       |       |       |       |     3 |     1 ||     4
         Box of beasts     |       |       |       |       |     1 |       ||     1
    Use: Scroll            |       |     3 |    12 |    11 |    13 |     3 ||    42
         Potion            |       |       |     1 |       |     3 |       ||     4
   Stab: Sleeping          |     1 |       |     1 |       |       |       ||     2
         Petrified         |       |       |       |     1 |       |       ||     1
 Armour: Animal skin       |    22 |    25 |     3 |       |       |    26 ||    76
         Steam dragon scal |       |       |    38 |     7 |       |       ||    45
         Troll leather arm |       |       |       |    68 |   176 |    12 ||   256
         Ice dragon scales |       |       |       |       |       |    34 ||    34
  Dodge: Dodged            |    53 |   143 |   211 |   208 |   464 |   159 ||  1238
  Block: Other             |       |       |   105 |    78 |       |       ||   183
         Reflection        |       |       |     2 |    17 |    35 |    50 ||   104
         Kite shield       |       |       |       |   155 |  1103 |   519 ||  1777

Table legend: (Time is in decaauts)
 A = Elapsed time spent in this place.
 B = Non-inter-level travel time spent in this place.
 C = Inter-level travel time spent in this place.
 D = Time resting spent in this place.
 E = Time spent auto-exploring this place.
 F = Levels seen in this place.
 G = Mean time per level.
                   A        B        C        D        E       F      G
               +--------+--------+--------+--------+--------+-----+--------+
         Total |  24429 |  22433 |   1996 |   2114 |  14300 |  30 |  814.3 |
       Dungeon |  12572 |  11293 |   1279 |    636 |   7829 |  15 |  838.1 |
        Temple |    150 |    131 |     19 |      0 |    122 |   1 |  150.0 |
          Lair |   4970 |   4590 |    380 |     78 |   3462 |   5 |  994.0 |
     Snake Pit |   3238 |   3140 |     98 |   1033 |   1268 |   3 | 1079.3 |
  Orcish Mines |   1704 |   1486 |    218 |     84 |    951 |   2 |  852.0 |
   Elven Halls |     27 |     27 |      0 |      0 |      0 |   1 |   27.0 |
        Bazaar |    209 |    209 |      0 |      0 |     94 |   1 |  209.0 |
      Ice Cave |   1013 |   1013 |      0 |    147 |    534 |   1 | 1013.0 |
      Gauntlet |    543 |    543 |      0 |    134 |     40 |   1 |  543.0 |
               +--------+--------+--------+--------+--------+-----+--------+

Top non-repeatable levels by time:
 Snake:2: 1872 daAuts
    D:12: 1627 daAuts
  Lair:5: 1221 daAuts
 Snake:1: 1210 daAuts
   Orc:2: 1143 daAuts
     D:6: 1063 daAuts
  Lair:3: 1050 daAuts
   IceCv: 1013 daAuts
  Lair:2: 958 daAuts
     D:9: 951 daAuts
    D:13: 946 daAuts
  Lair:1: 914 daAuts
    D:15: 856 daAuts
    D:11: 846 daAuts
     D:8: 837 daAuts
